 Dungeon Crawl Stone Soup version 0.29-a0-911-g88e6f02907 (webtiles) character file.

Game seed: 424383408371636169

121 greasedhog the Shooter (level 5, -4/30 HPs)
             Began as a Gargoyle Hunter on July 25, 2022.
             Blown up by Ijyb (12 damage)
             ... with a mindburst bolt
             ... on level 3 of the Dungeon.
             The game lasted 00:02:40 (1964 turns).

greasedhog the Shooter (Gargoyle Hunter)            Turns: 1964, Time: 00:02:41

Health: -4/30      AC: 10    Str: 13 (14) XL:     5   Next: 5%
Magic:  5/5        EV: 11    Int:  9 (10) God:
Gold:   132        SH:  5    Dex: 12 (15) Spells: 4/4 levels left

rFire   . . .      SeeInvis .   a - +0 shortbow
rCold   + . .      Faith    .   (shield currently unavailable)
rNeg    + . .      Spirit   .   c - +0 leather armour
rPois   ∞          Reflect  +   (no helmet)
rElec   +          Harm     .   (no cloak)
rCorr   +          Rampage  .   m - +2 pair of gloves
Will    .....                   (no boots)
Stlth   ++........              j - amulet of reflection
HPRegen 0.10/turn               p - ring of protection from cold
MPRegen 0.09/turn               k - ring of resist corrosion

@: no status effects
A: sickness immunity, AC +4, negative energy resistance 1, electricity
resistance, torment resistance 1, petrification resistance
a: no special abilities


You were on level 3 of the Dungeon.
You visited 1 branch of the dungeon, and saw 4 of its levels.

You collected 132 gold pieces.

Inventory:

Hand Weapons
 a - a +0 shortbow (weapon)
 f - a +0 short sword
Missiles
 o - 2 throwing nets
Armour
 c - a +0 leather armour (worn)
 m - a +2 pair of gloves (worn)
Jewellery
 j - an amulet of reflection (around neck)
 k - a ring of resist corrosion (right hand)
 p - a ring of protection from cold (left hand)
Wands
 g - a wand of charming (9)
Scrolls
 b - a scroll of immolation
 i - 2 scrolls of enchant armour
 l - a scroll of teleportation
 n - a scroll of amnesia {unknown}
Potions
 d - a potion of magic {unknown}
 e - 2 potions of degeneration
 h - 2 potions of heal wounds {unknown}


   Skills:
 - Level 2.1 Fighting
 * Level 5.2 Ranged Weapons
 - Level 1.5 Dodging
 * Level 4.0 Stealth


You had 4 spell levels left.
You didn't know any spells.
Your spell library contained the following spells:

 Spells                   Type           Power      Damage    Failure   Level
 Ensorcelled Hibernation  Hex/Ice        0%         N/A       61%         2
 Passwall                 Tmut/Erth      0%         N/A       61%         2
 Swiftness                Air            0%         N/A       83%         3


Dungeon Overview and Level Annotations

Branches:
Dungeon (4/15)
 Temple: D:4-7

Altars:
Vehumet

Annotations:
D:3 Ijyb


Innate Abilities, Weirdness & Mutations

You are immune to sickness and miasma.
Your stone body is resilient. (AC +4)
You are immune to poison.
You resist negative energy. (rN+)
You are resistant to electric shocks. (rElec)
You are resistant to unholy torment.
You are immune to petrification.


Message History

No target in view!
You now have 132 gold pieces (gained 8).
You see here a +0 flail.
Ijyb the Twisted Goblin comes into view.
She is wielding a +0 dagger and carrying a wand of mindburst (7).
You shoot an arrow. The arrow hits Ijyb but does no damage.
Ijyb shouts!
You hear a shout!
An orc comes into view. It is wielding a +0 short sword.
Ijyb closely misses you.
You shoot an arrow. The orc shouts!
The arrow hits Ijyb but does no damage.
Ijyb screams, "Me kill you!" Ijyb barely misses you.
You shoot an arrow. The arrow hits Ijyb but does no damage.
You block Ijyb's attack.
You shoot an arrow. The arrow hits Ijyb but does no damage.
Ijyb zaps a wand.
Your mind is blasted!
You shoot an arrow. The arrow hits Ijyb.
Ijyb is lightly wounded.
Ijyb hits you but does no damage. x2
You shoot an arrow. The arrow hits Ijyb!
Ijyb is moderately wounded.
You block Ijyb's attack.
You shoot an arrow. The arrow barely misses Ijyb.
Ijyb hits you but does no damage.
You shoot an arrow. The arrow barely misses Ijyb.
Ijyb zaps a wand.
Your mind is blasted!
Ijyb closely misses you.
You shoot an arrow. The arrow misses Ijyb.
Ijyb hits you but does no damage.
You shoot an arrow. The arrow hits Ijyb.
Ijyb is heavily wounded.
You block Ijyb's attack.
You shoot an arrow. The arrow closely misses Ijyb.
Ijyb zaps a wand.
Your mind is blasted!
* * * LOW HITPOINT WARNING * * *
You are too injured to fight recklessly!
It was a potion of degeneration.
There was something very wrong with that liquid.
You feel weakened.
You feel dopey.
You feel clumsy.
Ijyb zaps a wand.
Your mind is blasted!
You die...

#.# #.# ..# .## # .. #+
#...##o #..
......g#+####### #..###
#..#####@.......####.....
#........................
#.#####.........# #.....
#.........# #.....
##........# #.....
+######........# #.....
.......).......####.....
.........#.........###..
...........#######.####.


You could see Ijyb and an orc.

Vanquished Creatures
  2 orc priests (D:4)
  An adder (D:4)
  11 orcs
  3 endoplasms
  3 giant cockroaches
  4 goblins
  2 hobgoblins
  3 quokkas
  4 ball pythons
  5 bats
  2 frilled lizards (D:2)
  A kobold (D:1)
  A rat (D:1)
42 creatures vanquished.

Notes
Turn   | Place    | Note
-------+----------+-------------------------------------------
     0 | D:1      | greasedhog the Gargoyle Hunter began the quest for the Orb.
     0 | D:1      | Reached XP level 1. HP: 12/12 MP: 1/1
   112 | D:1      | Reached XP level 2. HP: 17/17 MP: 2/2
   191 | D:1      | Found a faded altar of an unknown god.
  1048 | D:2      | Reached XP level 3. HP: 18/21 MP: 3/3
  1196 | D:2      | You fall into a shaft and drop 2 floors!
  1228 | D:4      | Reached XP level 4. HP: 22/26 MP: 4/4
  1230 | D:4      | Reached skill level 5 in Ranged Weapons
  1237 | D:4      | Found a radiant altar of Vehumet.
  1431 | D:4      | Reached XP level 5. HP: 20/30 MP: 5/5
  1952 | D:3      | Noticed Ijyb
  1964 | D:3      | Blown up by Ijyb

Illustrated notes

Levels and vault maps discovered:
D:1:      saegor_arrival_miasma, layout_loops_ring,
          ebering_ecumenical_altar_petrified
D:2:      layout_basic
D:3:      layout_basic, jmf_multi_god_temple2, uniq_ijyb
D:4:      layout_layer_cave, cheibrodos_ashenzari_chains,
          mainiacjoe_overflow_surrounded_room

Skill      XL: |  1  2  3  4  5 |
---------------+----------------+-----
Stealth        | 2 3 4 |  4.0
Ranged Weapons | 5 |  5.2
Fighting       | |  2.1
Dodging        | |  1.5

Action                   |  1- 3 |  4- 6 || total
-------------------------+-------+-------++-------
Melee: Short sword       |       |     3 ||     3
 Fire: Shortbow          |   103 |    45 ||   148
  Use: Scroll            |     2 |     2 ||     4
       Potion            |       |     1 ||     1
Armor: Leather armour    |    23 |    14 ||    37
Dodge: Dodged            |    42 |     9 ||    51
Block: Other             |       |     3 ||     3

Table legend: (Time is in decaauts)
 A = Elapsed time spent in this place.
 B = Non-inter-level travel time spent in this place.
 C = Inter-level travel time spent in this place.
 D = Time resting spent in this place.
 E = Time spent auto-exploring this place.
 F = Levels seen in this place.
 G = Mean time per level.
                   A        B        C        D        E       F      G
               +--------+--------+--------+--------+--------+-----+--------+
         Total |   2005 |   1938 |     67 |      0 |   1609 |   4 |  501.2 |
       Dungeon |   2005 |   1938 |     67 |      0 |   1609 |   4 |  501.2 |
               +--------+--------+--------+--------+--------+-----+--------+

Top non-repeatable levels by time:
     D:1: 667 daAuts
     D:4: 644 daAuts
     D:2: 555 daAuts
     D:3: 138 daAuts
